 Dungeon Crawl Stone Soup version 0.24.0-37-gcf1ca852f1 (webtiles) character file.

Game seed: 4106055302312777226, levelgen mode: deterministic

545419 Ponchio the Metallomancer (level 26, -7/161 HPs)
             Began as a Gargoyle Earth Elementalist on Nov 22, 2019.
             Was the Champion of Vehumet.
             Mangled by a golden dragon (19 damage)
             ... on level 4 of the Vaults on Nov 25, 2019.
             The game lasted 08:15:45 (71981 turns).

Ponchio the Metallomancer (GrEE)                   Turns: 71981, Time: 08:15:46

Health: -7/161     AC: 41    Str: 15    XL:     26   Next: 68%
Magic:  23/66      EV: 14    Int: 31    God:    Vehumet [******]
Gold:   4038       SH: 16    Dex: 16    Spells: 23/68 levels left

rFire    + . .     SeeInvis .   z - staff of earth
rCold    . . .     Gourm    .   u - +4 shield {reflect}
rNeg     + + .     Faith    .   o - +1 ring mail "Bach" {*Contam +Blink MR++ Regen+ rCorr}
rPois    ∞         Spirit   .   D - +2 helmet {Int+3}
rElec    +         Reflect  +   M - scarf {repulsion}
rCorr    +         Harm     .   Y - +2 pair of gloves
MR       +++..                  X - +4 pair of boots of Follow the Leader {rPois rN+ rCorr Int+3}
Stlth    ++........             C - amulet of magic regeneration
HPRegen  0.76/turn              m - ring of Suleurgh {+Inv MP+9 EV+1 Dex+4}
MPRegen  0.65/turn              P - ring of magical power

@: flying, very slightly contaminated, studying Unarmed Combat, repel missiles
A: big wings, thin skeletal structure 1, fire resistance 1, negative energy
resistance 1, screaming 1, electricity resistance, wild magic 1, unbreathing,
petrification resistance, rot immunity, AC +20
}: 2/15 runes: serpentine, barnacled
a: Stop Flying, Renounce Religion, Evoke Blink, Evoke Invisibility


You were on level 4 of the Vaults.
You worshipped Vehumet.
Vehumet was exalted by your worship.
You were not hungry.

You visited 10 branches of the dungeon, and saw 46 of its levels.
You also visited: Sewer, Ice Cave and Volcano.

You collected 5912 gold pieces.
You spent 1874 gold pieces at shops.

Inventory:

Missiles
 b - 1060 stones (quivered)
Armour
 o - the +1 ring mail "Bach" (worn) {*Contam +Blink MR++ Regen+ rCorr}
   (You bought it in a shop on level 1 of the Elven Halls)

   It affects your resistance to hostile enchantments.
   It lets you blink.
   It causes magical contamination when unequipped.
   It increases your rate of regeneration.
   It provides partial protection from all sources of acid and corrosion.
 u - a +4 shield of reflection (worn)
 D - a +2 helmet of intelligence (worn)
 M - a scarf of repulsion (worn)
 N - a +2 pair of boots of running
 O - a scarf of cloud immunity
 X - the +4 pair of boots of Follow the Leader (worn) {rPois rN+ rCorr Int+3}
   (You found it in a volcano)

   It affects your intelligence (+3).
   It protects you from poison.
   It protects you from negative energy.
   It provides partial protection from all sources of acid and corrosion.
 Y - a +2 pair of gloves (worn)
Magical Staves
 z - an uncursed staff of earth (weapon)
 I - an uncursed staff of wizardry
 V - an uncursed staff of conjuration
Jewellery
 j - an uncursed ring of protection from cold
 m - the ring of Suleurgh (left hand) {+Inv MP+9 EV+1 Dex+4}
   (You took it off a deep elf archer on level 2 of the Elven Halls)

   [ring of evasion]

   It affects your evasion (+1).
   It affects your dexterity (+4).
   It affects your magic capacity (+9).
   It lets you turn invisible.
 C - an amulet of magic regeneration (around neck)
 L - an uncursed amulet of the acrobat
 P - a ring of magical power (right hand)
 S - a +5 ring of intelligence
 T - an uncursed ring of protection from fire
Wands
 c - a wand of acid (6)
 h - a wand of paralysis (11)
 s - a wand of disintegration (61)
 w - a wand of digging (6)
 B - a wand of iceblast (35)
 F - a wand of scattershot (11)
 H - a wand of flame (7)
 U - a wand of clouds (6)
Scrolls
 a - a scroll of holy word
 e - 29 scrolls of remove curse
 l - 22 scrolls of teleportation
 t - 2 scrolls of magic mapping
 y - 6 scrolls of blinking
 G - 3 scrolls of amnesia
 J - 17 scrolls of identify
Potions
 g - 10 potions of mutation
 i - 18 potions of curing
 k - a potion of ambrosia
 n - 2 potions of might
 p - 4 potions of brilliance
 r - 20 potions of heal wounds
 v - 4 potions of resistance
 x - 7 potions of haste
 A - 4 potions of invisibility
 E - 7 potions of agility
 R - 3 potions of cancellation
 Z - 2 potions of berserk rage
Books
 Q - a manual of Unarmed Combat
Miscellaneous
 q - a phial of floods
 K - a lamp of fire
Comestibles
 d - 54 rations


   Skills:
 - Level 15.2 Fighting
 - Level 12.1 Armour
 - Level 4.3 Dodging
 - Level 2.1 Stealth
 - Level 12.1 Shields
 * Level 21.9 Spellcasting
 * Level 22.5 Conjurations
 - Level 7.0 Charms
 - Level 7.0 Translocations
 - Level 8.2 Transmutations
 + Level 23.5 Earth Magic
 - Level 1.7 Evocations


You had 23 spell levels left.
You knew the following spells:

 Your Spells              Type           Power        Failure   Level  Hunger
a - Sandblast             Erth           ######       1%          1    None
b - Passwall              Tmut/Erth      ########     1%          2    None
c - Stone Arrow           Conj/Erth      ######       1%          3    None
d - Petrify               Tmut/Erth      ########     1%          4    None
e - Lee's Rapid Deconstr  Erth           #########.   1%          5    None
f - Shroud of Golubria    Chrm/Tloc      ######       1%          2    None
g - Iron Shot             Conj/Erth      ########..   1%          6    None
h - Iskenderun's Battles  Conj/Chrm      ########     1%          5    None
i - Lehudib's Crystal Sp  Conj/Erth      ########..   1%          8    ####...
j - Shatter               Erth           #########.   5%          9    ######.

Your spell library contained the following spells:

 Spells                   Type           Power        Failure   Level  Hunger
 Tornado                  Air            #####.....   100%        9    ######.
 Apportation              Tloc           ######       1%          1    None
 Beastly Appendage        Tmut           ######       1%          1    None
 Flame Tongue             Conj/Fire      #####        1%          1    None
 Freeze                   Ice            ####         1%          1    None
 Infusion                 Chrm           ####         1%          1    None
 Magic Dart               Conj           ####         1%          1    None
 Shock                    Conj/Air       ####         1%          1    None
 Sting                    Conj/Pois      ####         1%          1    None
 Blink                    Tloc           N/A          1%          2    None
 Searing Ray              Conj           ######       1%          2    None
 Song of Slaying          Chrm           #######.     1%          2    None
 Sticks to Snakes         Tmut           #######.     1%          2    None
 Swiftness                Chrm/Air       ######..     1%          2    None
 Throw Frost              Conj/Ice       ######       1%          2    None
 Conjure Flame            Conj/Fire      #######.     1%          3    None
 Dazzling Spray           Conj/Hex       ######       1%          3    None
 Gell's Gravitas          Tloc           #######...   1%          3    None
 Ignite Poison            Fire/Tmut/Pois ######..     1%          3    None
 Lesser Beckoning         Tloc           #######...   1%          3    None
 Mephitic Cloud           Conj/Pois/Air  #######.     1%          3    None
 Static Discharge         Conj/Air       #######.     1%          3    None
 Teleport Other           Tloc           #######.     1%          3    None
 Force Lance              Conj/Tloc      ########     1%          4    None
 Fulminant Prism          Conj/Hex       #######...   1%          4    None
 Iskenderun's Mystic Bla  Conj           ########     1%          4    None
 Leda's Liquefaction      Hex/Erth       ########..   1%          4    None
 Throw Icicle             Conj/Ice       #######.     1%          4    None
 Fireball                 Conj/Fire      #######...   1%          5    None
 Irradiate                Conj/Tmut      ########..   1%          5    None
 Lightning Bolt           Conj/Air       #######...   1%          5    None
 Venom Bolt               Conj/Pois      #######...   1%          5    None
 Bolt of Fire             Conj/Fire      #######...   1%          6    None
 Spider Form              Tmut/Pois      ######....   2%          3    None
 Passage of Golubria      Tloc           N/A          2%          4    None
 Inner Flame              Hex/Fire       #####...     3%          3    None
 Ozocubu's Armour         Chrm/Ice       ######..     3%          3    None
 Portal Projectile        Hex/Tloc       ######       3%          3    None
 Regeneration             Chrm/Necr      ######....   3%          3    None
 Spectral Weapon          Hex/Chrm       ######..     3%          3    None
 Animate Skeleton         Necr           N/A          4%          1    None
 Confusing Touch          Hex            #####.       4%          1    None
 Corona                   Hex            #####..      4%          1    None
 Summon Small Mammal      Summ           ####         4%          1    None
 Blade Hands              Tmut           #######...   4%          5    None
 Call Imp                 Summ           #####...     6%          2    None
 Ensorcelled Hibernation  Hex/Ice        #####.       6%          2    None
 Poisonous Vapours        Pois/Air       #####.       6%          2    None
 Slow                     Hex            #####...     6%          2    None
 Ice Form                 Ice/Tmut       ######..     7%          4    None
 Airstrike                Air            #####.....   9%          4    None
 Olgreb's Toxic Radiance  Pois           #####...     9%          4    None
 Call Canine Familiar     Summ           #####...     11%         3    None
 Confuse                  Hex            #####...     11%         3    None
 Summon Guardian Golem    Hex/Summ       #####...     11%         3    None
 Tukima's Dance           Hex            #####...     11%         3    None
 Alistair's Intoxication  Tmut/Pois      ######..     17%         5    None
 Summon Forest            Summ/Tloc      ######....   22%         5    None
 Cause Fear               Hex            #####.....   30%         4    None
 Summon Ice Beast         Ice/Summ       #####...     30%         4    None
 Summon Lightning Spire   Summ/Air       #####...     30%         4    None
 Metabolic Englaciation   Hex/Ice        #####.....   63%         5    None
 Dragon Form              Tmut           #######...   63%         7    ##.....
 Darkness                 Hex            #####.....   99%         6    None
 Invisibility             Hex            #####...     99%         6    None
 Malign Gateway           Summ/Tloc      ######....   99%         7    ##.....
 Ring of Flames           Chrm/Fire      ######....   99%         7    ##.....
 Ignition                 Fire           #####.....   100%        8    ####...
 Dragon's Call            Summ           #####.....   100%        9    ######.
 Sublimation of Blood     Necr           Unusable     N/A         2    N/A

Dungeon Overview and Level Annotations

Branches:
Dungeon (15/15)            Temple (1/1) D:4            Lair (6/6) D:10
 Shoals (4/4) Lair:2        Snake (4/4) Lair:2        Slime (0/5) Lair:6
    Orc (2/2) D:12            Elf (3/3) Orc:2        Vaults (5/5) D:14
  Crypt (0/3) Vaults:2     Depths (5/5) D:15           Hell (visited)
    Zot (0/5) Depths:5      Sewer (visited)           IceCv (visited)
Volcano (visited)
    Dis: Hell:1         Geh: Hell:1         Coc: Hell:1         Tar: Hell:1

Altars:
Ashenzari
Cheibriados
Dithmenos
Elyvilon
Fedhas
Gozag
Hepliaklqana
Kikubaaqudgha
Makhleb
Nemelex Xobeh
Okawaru
Qazlal
Ru
Sif Muna
Trog
Uskayaw
Vehumet
Wu Jian
Xom
Yredelemnul
Zin
The Shining One
Beogh
Jiyva

Shops:
D:4 ?   D:5 %   D:7 (   D:13 *   Orc:2 ((!%%   Elf:1 [   Snake:1 *!
Snake:4 =}=   Vaults:3 [

Portals:
Hell: Depths:1 Depths:2 Depths:3 Depths:4 Depths:5
Abyss: Depths:1 Depths:4
Pandemonium: Depths:1 Depths:3 Depths:4 Depths:5
Ziggurat: Depths:2

Annotations:
D:8 2 transporters
D:14 4 runed translucent doors
Lair:1 1 exclusion
Lair:3 Feulaj's ghost, journeyman MiBe
Hell Geryon


Innate Abilities, Weirdness & Mutations

You are resistant to torment.
Your stone body is resilient. (AC +20)
You are immune to poison.
Your large and strong wings let you fly indefinitely.
You resist negative energy. (rN+)
You are resistant to electric shocks. (rElec)
You can survive without breathing.
You are immune to petrification.
You are immune to rotting.
You have a somewhat thin skeletal structure. (Dex +2, Stealth)
Your flesh is heat resistant. (rF+)
You occasionally shout uncontrollably at your foes.
Your spells are a little harder to cast, but a little more powerful.


Message History

The crystal spear hits the great orb of eyes!!!!
You kill the great orb of eyes!
Vehumet accepts your kill. The golden dragon bites you!!
* * * LOW HITPOINT WARNING * * *
The golden dragon claws you!
* * * LOW HITPOINT WARNING * * *
The golden dragon tramples you but does no damage.
Casting: Lehudib's Crystal Spear (safe; 1% risk of failure)
Confirm with . or Enter, or press ? or * to list all spells.
Aiming: Lehudib's Crystal Spear (safe; 1% risk of failure)
Press: ? - help, Shift-Dir - straight line, f - golden dragon
Aim: a golden dragon (lightly wounded, unusually strong)
You feel a surge of power!
The crystal spear hits the golden dragon!!!!
The golden dragon is almost dead.
The golden dragon bites you!!
* * * LOW HITPOINT WARNING * * *
You block the golden dragon's attack. The golden dragon tramples you!!
You die...

#...##.##...#...........
#...##.##...'...........
#.......(...#...........
###.......###...........
###....)..###.....######
#...........#.....#
###....[..###.....#
###...D...###.....#
#[[[...@....#.....#
#...##(##...#.....#
#...##.##...#.....######
#############.....#.....
###############
#.....#.....
..............#
#.....'.....
..............#
#.....#.....
..............#
#.....#.....
..............#
#.....#.....


You could see a golden dragon.

Vanquished Creatures
  2 juggernauts (Depths:1)
  The ghost of Tang the Slayer, a master DsGl of Makhleb (Vaults:2)
  Margery (Depths:5)
  Vashnia (Snake:4)
  A caustic shrike (Depths:4)
  Xtahua (Depths:5)
  2 golden dragons
  The ghost of HilariousDeathArtist the Champion of Chaos, an adept CeWn of Makhleb (Vaults:2)
  3 tentacled monstrosities
  Rupert (Snake:1)
  Jorgrun (Orc:2)
  3 liches
  4 titans
  2 deep elf blademasters (Elf:3)
  4 deep elf master archers (Elf:3)
  Agnes (D:14)
  A draconian monk (Depths:5)
  5 sphinxes
  Kirke (Shoals:1)
  7 shadow dragons
  Roxanne (Elf:1)
  Gastronok (Lair:1)
  6 tengu reavers
  3 storm dragons
  5 nagarajas
  Donald (Snake:2)
  An orc warlord (D:13)
  10 frost giants
  10 deep elf sorcerers
  11 fire giants
  An iron dragon (Depths:3)
  15 vault wardens
  A draconian knight (Depths:5)
  A draconian shifter (Depths:5)
  11 ironheart preservers
  Aizul (Snake:3)
  2 spriggan defenders
  15 very ugly things
  5 deep elf elementalists (Elf:3)
  21 stone giants
  A reaper (Hell)
  An entropy weaver (Vaults:4)
  Nessos (D:13)
  A black draconian (Depths:5)
  5 vampire knights
  2 purple draconians (Depths:5)
  The ghost of Befuwnopp the Grappler, a journeyman TrHu of Cheibriados (Lair:2)
  Azrael (Elf:1)
  9 deep elf annihilators
  2 white draconians (Depths:5)
  5 deep elf demonologists
  2 red draconians
  7 spark wasps
  11 deep elf death magi
  4 merfolk javelineers
  10 ettins
  8 merfolk impalers
  Josephine (D:14)
  11 great orbs of eyes
  24 yaktaur captains
  A great orb of eyes (shapeshifter) (Vaults:3)
  12 fire dragons
  10 deep elf high priests
  4 hydras
  5 jiangshi
  Harold (D:9)
  7 ice dragons
  9 rakshasas
  11 naga warriors
  31 vault guards
  3 spriggan air magi (Depths:3)
  15 centaur warriors
  4 merfolk avatars
  11 anacondas
  5 satyrs
  6 death knights
  A catoblepas (D:15)
  2 alligator snapping turtles
  Erica (D:9)
  4 merfolk aquamancers (Shoals:4)
  2 death yaks (Lair:3)
  42 two-headed ogres
  17 ogre magi
  10 deep troll shamans
  A vampire mage (Depths:3)
  10 deep troll earth magi
  12 naga sharpshooters
  30 dancing weapons
  9 orc high priests
  7 spriggan berserkers
  4 tengu warriors
  16 hell knights
  A soul eater (Depths:5)
  Urug (D:11)
  7 shock serpents
  Nergalle (Lair:2)
  7 sun demons (Depths:5)
  42 deep elf knights
  A shadow wraith (Vaults:3)
  A fire crab (shapeshifter) (Vaults:5)
  A fire crab (Lair:6)
  5 iron trolls
  2 skeletal warriors (Vaults:2)
  3 salamander mystics
  5 unseen horrors
  21 deep trolls
  6 sea snakes
  4 wizards
  2 flayed ghosts
  An orange crystal statue (D:14)
  21 deep elf archers
  7 glowing orange brains
  19 orc knights
  A wolf spider zombie (D:15)
  5 naga ritualists
  Pikel (D:9)
  10 mana vipers
  6 phantasmal warriors
  10 ironbrand convokers
  6 necromancers
  18 harpies
  5 lindwurms
  2 orb spiders (shapeshifter)
  83 deep elf magi
  10 cyclopes
  3 orc sorcerers
  7 salamanders
  8 manticores
  46 ugly things
  A manticore (shapeshifter) (Vaults:4)
  3 wolf spiders
  15 fauns
  7 guardian serpents
  36 black mambas
  2 black mambas (shapeshifter)
  A centaur zombie (D:12)
  8 merfolk sirens
  A rust devil (Depths:5)
  Joseph (D:10)
  19 elephants
  A water nymph (Shoals:2)
  3 centaur skeletons
  28 vault sentinels
  2 gargoyles
  2 ice statues (IceCv)
  20 naga magi
  5 molten gargoyles
  7 spiny frogs
  A torpor snail (Lair:3)
  72 yaktaurs
  A spiny frog (shapeshifter) (Vaults:1)
  10 freezing wraiths
  8 komodo dragons
  2 tengu conjurers
  15 ice devils
  20 merfolk
  10 trolls
  A jumping spider (Vaults:4)
  A wind drake (shapeshifter) (Depths:5)
  A polar bear (Lair:5)
  A polar bear (shapeshifter) (Vaults:2)
  3 wind drakes
  A wolf spider simulacrum (Vaults:1)
  3 meliai (D:13)
  A harpy skeleton (D:15)
  27 slime creatures
  A troll (shapeshifter) (Vaults:2)
  3 hornets
  15 dream sheep
  10 hippogriffs
  12 snapping turtles
  7 blink frogs
  A redback (Vaults:4)
  A centaur simulacrum (D:15)
  2 vampires
  3 tarantellas (shapeshifter)
  2 spriggans (shapeshifter)
  3 shadows
  A wyvern (shapeshifter) (Depths:3)
  9 wraiths
  4 wyverns
  11 fire elementals
  5 hogs
  A hog (shapeshifter) (D:15)
  Grum (D:10)
  6 basilisks
  6 fire bats (Volcano)
  9 water elementals
  43 yaks
  19 humans
  A steam dragon (Lair:6)
  4 hungry ghosts
  2 vampire mosquitoes (D:12)
  A redback simulacrum (D:14)
  10 wargs
  An acid dragon (shapeshifter) (Vaults:5)
  48 nagas
  A naga (shapeshifter) (D:15)
  3 acid dragons
  10 water moccasins
  A floating eye (shapeshifter) (Vaults:2)
  8 hell hounds
  6 porcupines
  3 phantoms
  An ice beast (D:5)
  48 orc warriors
  A sky beast (D:15)
  A black bear (Lair:2)
  44 ogres
  A necrophage (D:9)
  An eye of draining (D:10)
  7 boggarts
  28 wolves
  15 centaurs
  16 crocodiles
  14 bullfrogs
  2 big kobolds
  3 earth elementals
  A wyvern skeleton (D:15)
  A wyvern zombie (D:11)
  4 scorpions
  A water moccasin skeleton (D:12)
  A scorpion (shapeshifter) (Depths:3)
  4 wights (D:6)
  16 killer bees
  3 human simulacra
  6 electric eels
  12 lava snakes
  2 howler monkeys
  5 crimson imps
  A bullfrog zombie (D:11)
  5 jellies
  42 orc priests
  6 hounds
  7 iguanas
  An iron imp (Depths:5)
  2 bullfrog skeletons
  17 orc wizards
  Jessica (D:3)
  Natasha (thrice) (D:3)
  Ijyb (D:5)
  6 hell rats (Depths:5)
  9 worker ants
  2 hound skeletons
  3 gnolls (D:6)
  A howler monkey skeleton (D:7)
  7 adders
  2 river rats (Sewer)
  A shadow imp (D:6)
  5 white imps (IceCv)
  9 ufetubi
  An ooze (D:1)
  3 adder skeletons
  2 worms (D:2)
  3 dart slugs
  6 leopard geckos
  112 orcs
  9 bats
  4 giant cockroaches
  8 goblins
  3 hobgoblins
  13 jackals
  4 quokkas
  A ball python (D:3)
  8 frilled lizards
  19 kobolds
  2 leopard gecko skeletons (D:5)
  A quokka skeleton (D:9)
  13 rats
  2 crawling corpses (Elf:3)
  4 fungi
  A plant (Lair:2)
2156 creatures vanquished.

Vanquished Creatures (others)
  A vault warden (Vaults:3)
  5 stone giants
  A vampire knight (Depths:3)
  A spark wasp (Depths:3)
  A blizzard demon (IceCv)
  2 yaktaur captains
  A naga sharpshooter (Snake:4)
  A merfolk siren (Shoals:1)
  10 yaktaurs
  A water elemental (Elf:2)
  A human (Shoals:1)
  A slave (D:9)
  A white imp (IceCv)
  3 ufetubi (IceCv)
  A leopard gecko (D:6)
  A bush (Lair:6)
  13 fungi
  20 plants
65 creatures vanquished.

Grand Total: 2221 creatures vanquished

Notes
Turn   | Place    | Note
-------+----------+-------------------------------------------
     0 | D:1      | Ponchio the Gargoyle Earth Elementalist began the quest for
                  | the Orb.
     0 | D:1      | Reached XP level 1. HP: 10/10 MP: 3/3
    27 | D:1      | Reached XP level 2. HP: 11/15 MP: 1/5
   383 | D:1      | Reached skill level 4 in Earth Magic
   809 | D:1      | Reached XP level 3. HP: 18/19 MP: 7/7
  1417 | D:2      | Reached XP level 4. HP: 24/24 MP: 9/9
  1959 | D:3      | Noticed Natasha
  1964 | D:3      | Killed Natasha
  1964 | D:3      | Reached XP level 5. HP: 19/28 MP: 11/11
  2019 | D:3      | Noticed Natasha
  2027 | D:3      | Killed Natasha
  2027 | D:3      | Reached skill level 5 in Earth Magic
  2216 | D:3      | Learned a level 2 spell: Passwall
  2220 | D:3      | Learned a level 3 spell: Stone Arrow
  2225 | D:3      | Learned a level 4 spell: Petrify
  2661 | D:3      | Noticed Natasha
  2765 | D:3      | Killed Natasha
  2765 | D:3      | Reached XP level 6. HP: 21/32 MP: 13/13
  2969 | D:3      | Noticed Jessica
  2973 | D:3      | Killed Jessica
  2984 | D:3      | Reached skill level 5 in Spellcasting
  3177 | D:4      | Found a staircase to the Ecumenical Temple.
  3184 | Temple   | Entered the Ecumenical Temple
  3281 | Temple   | Became a worshipper of Vehumet
  3527 | D:4      | Found Wifaonex's Magic Scroll Shop.
  3535 | D:4      | Bought a scroll of magic mapping for 49 gold pieces
  3535 | D:4      | Bought a scroll of identify for 28 gold pieces
  3535 | D:4      | Bought a scroll of identify for 28 gold pieces
  3587 | D:4      | Got a pair of faintly humming boots
  3593 | D:4      | Identified the +1 pair of boots of Yesterday {Int+2} (You
                  | found it on level 4 of the Dungeon)
  3599 | D:4      | Learned a level 5 spell: Lee's Rapid Deconstruction
  3986 | D:4      | Reached skill level 6 in Earth Magic
  3986 | D:4      | Reached XP level 7. HP: 36/36 MP: 15/15
  4067 | D:5      | Entered Level 5 of the Dungeon
  4098 | D:5      | Found a glowing drain.
  4142 | Sewer    | Entered a sewer
  4523 | Sewer    | Found a white marble altar of Elyvilon.
  4779 | D:5      | Reached * piety under Vehumet
  4779 | D:5      | Offered knowledge of Sting by Vehumet.
  5121 | D:5      | Noticed Ijyb
  5131 | D:5      | Killed Ijyb
  5131 | D:5      | Reached skill level 7 in Earth Magic
  5131 | D:5      | Reached XP level 8. HP: 41/41 MP: 18/18
  5372 | D:5      | Found Ejuqef's Food Shoppe.
  5442 | D:6      | Got an encrusted hand axe
  5480 | D:6      | Identified the +9 hand axe "Rufri" {freeze, rPois rC+
                  | Int+3} (You found it on level 6 of the Dungeon)
  6522 | D:7      | Found Bira's Antique Weapon Emporium.
  6527 | D:7      | Reached skill level 8 in Earth Magic
  6741 | D:7      | Noticed a hippogriff
  6744 | D:7      | Killed a hippogriff
  6864 | D:7      | Reached XP level 9. HP: 29/45 MP: 21/21
  6888 | D:7      | Reached skill level 9 in Earth Magic
  6890 | D:7      | Offered knowledge of Freeze by Vehumet.
  7398 | D:7      | Found a stormy altar of Qazlal.
  7499 | D:8      | Reached ** piety under Vehumet
  7932 | D:8      | Found a transporter.
  7951 | D:8      | Found a transporter.
  8761 | D:9      | Reached skill level 10 in Spellcasting
  8914 | D:9      | Reached skill level 1 in Transmutations
  9088 | D:8      | Reached skill level 10 in Earth Magic
  9348 | D:9      | Noticed a two-headed ogre
  9627 | D:9      | Reached skill level 1 in Fighting
  9632 | D:9      | Noticed Erica
  9639 | D:9      | Killed Erica
  9639 | D:9      | Reached XP level 10. HP: 56/56 MP: 20/24
  9646 | D:9      | Killed a two-headed ogre
 10121 | D:9      | Noticed Harold
 10190 | D:9      | Killed Harold
 10190 | D:9      | Reached skill level 5 in Fighting
 10442 | D:9      | Noticed Pikel
 10454 | D:9      | Killed Pikel
 10530 | D:10     | Entered Level 10 of the Dungeon
 10530 | D:10     | Noticed an orc knight
 10530 | D:10     | Noticed an orc knight
 10530 | D:10     | Noticed an orc knight
 10530 | D:10     | Noticed a deep elf knight
 10530 | D:10     | Noticed a +2 double sword
 10530 | D:10     | Noticed Joseph
 10531 | D:10     | Noticed a deep elf knight
 10605 | D:9      | Killed a deep elf knight
 10605 | D:9      | Reached skill level 11 in Earth Magic
 10605 | D:9      | Reached XP level 11. HP: 37/64 MP: 18/26
 10964 | D:10     | Offered knowledge of Throw Flame by Vehumet.
 11077 | D:10     | Noticed Grum
 11311 | D:10     | Killed Grum
 11311 | D:10     | Reached *** piety under Vehumet
 11939 | D:10     | Identified a +1 pair of boots of running (You found it on
                  | level 10 of the Dungeon)
 11956 | D:10     | Found a staircase to the Lair.
 12128 | D:10     | Killed a deep elf knight
 12262 | D:10     | Killed an orc knight
 12485 | D:10     | Killed an orc knight
 12789 | D:10     | Killed Joseph
 13185 | D:9      | Killed an orc knight
 13323 | D:10     | Killed an unseen horror
 13448 | Lair:1   | Entered Level 1 of the Lair of Beasts
 13547 | Lair:1   | Reached skill level 12 in Earth Magic
 13839 | Lair:1   | Offered knowledge of Inner Flame by Vehumet.
 14281 | Lair:1   | Noticed Gastronok
 14310 | Lair:1   | Killed Gastronok
 14310 | Lair:1   | Reached XP level 12. HP: 73/73 MP: 11/28
 15305 | Lair:2   | Reached **** piety under Vehumet
 15439 | Lair:2   | Noticed a seven-headed hydra
 15906 | Lair:2   | Offered knowledge of Yara's Violent Unravelling by Vehumet.
 15949 | Lair:2   | Found a staircase to the Shoals.
 16040 | Lair:2   | Killed a seven-headed hydra
 16050 | Lair:2   | Reached skill level 5 in Transmutations
 16115 | Lair:2   | Noticed Nergalle
 16176 | Lair:2   | Killed Nergalle
 16248 | Lair:2   | Reached skill level 13 in Earth Magic
 16466 | Lair:2   | Found a staircase to the Snake Pit.
 16812 | Snake:1  | Entered Level 1 of the Snake Pit
 17202 | Lair:3   | Reached XP level 13. HP: 80/80 MP: 30/30
 17597 | Lair:3   | Found a runed translucent gate.
 17597 | Lair:3   | Found a runed translucent gate.
 17598 | Lair:3   | Found a runed translucent gate.
 17599 | Lair:3   | Noticed Befuwnopp's ghost (journeyman TrHu)
 17599 | Lair:3   | Noticed Feulaj's ghost (journeyman MiBe)
 18984 | Lair:4   | Learned a level 2 spell: Shroud of Golubria
 19640 | Lair:5   | Reached skill level 1 in Charms
 19640 | Lair:5   | Reached skill level 1 in Translocations
 21157 | Lair:6   | Entered Level 6 of the Lair of Beasts
 21474 | Lair:6   | Found a staircase to the Slime Pits.
 21475 | Lair:6   | Found a viscous altar of Jiyva.
 21715 | Lair:6   | Reached ***** piety under Vehumet
 21861 | Lair:6   | Reached skill level 5 in Charms
 21861 | Lair:6   | Reached skill level 5 in Translocations
 22180 | Lair:6   | Offered knowledge of Freezing Cloud by Vehumet.
 22450 | Lair:5   | Gained mutation: Your large and strong wings let you fly
                  | indefinitely. [Gargoyle growth]
 22450 | Lair:5   | Reached XP level 14. HP: 61/86 MP: 29/31
 23178 | Lair:6   | Found a large runed translucent door.
 23178 | Lair:6   | Found a large runed translucent door.
 24982 | D:11     | Offered knowledge of Ozocubu's Refrigeration by Vehumet.
 25515 | D:11     | Noticed Urug
 25696 | D:11     | Killed Urug
 27517 | D:12     | Found a staircase to the Orcish Mines.
 27653 | Orc:1    | Entered Level 1 of the Orcish Mines
 27908 | Orc:1    | Found a roughly hewn altar of Beogh.
 27977 | Orc:1    | Offered knowledge of Iron Shot by Vehumet.
 27992 | Orc:1    | Found a dark tunnel.
 28009 | Orc:1    | Learned a level 6 spell: Iron Shot
 28010 | Volcano  | Entered a volcano
 28336 | Volcano  | Reached skill level 14 in Earth Magic
 28346 | Volcano  | Reached XP level 15. HP: 91/91 MP: 24/33
 28603 | Volcano  | Found a radiant altar of Vehumet.
 28660 | Volcano  | Got a pair of spiked boots
 28671 | Volcano  | Identified the +4 pair of boots of Follow the Leader {rPois
                  | rN+ rCorr Int+3} (You found it in a volcano)
 29203 | Orc:2    | Entered Level 2 of the Orcish Mines
 29808 | Orc:2    | Gained mutation: You are occasionally teleported next to
                  | monsters. [a neqoxec]
 30324 | Orc:2    | Found a staircase to the Elven Halls.
 30431 | Orc:2    | Found Xuefran's Food Shoppe.
 30431 | Orc:2    | Found Ebocoedu's Food Shop.
 30514 | Orc:2    | Reached skill level 15 in Spellcasting
 30673 | Orc:2    | Noticed Jorgrun
 30680 | Orc:2    | Killed Jorgrun
 30680 | Orc:2    | Reached skill level 10 in Fighting
 31025 | Orc:2    | Found a roughly hewn altar of Beogh.
 31041 | Orc:2    | Found Qedeing's Distillery.
 31062 | Orc:2    | Offered knowledge of Iskenderun's Battlesphere by Vehumet.
 31069 | Orc:2    | Learned a level 5 spell: Iskenderun's Battlesphere
 31386 | Orc:2    | Found Fycwa's Antique Weapon Shop.
 31386 | Orc:2    | Found Japt's Antique Weapon Shoppe.
 31480 | Orc:2    | Bought a potion of haste for 110 gold pieces
 31480 | Orc:2    | Bought a potion of haste for 110 gold pieces
 31480 | Orc:2    | Bought a potion of heal wounds for 55 gold pieces
 31480 | Orc:2    | Bought a potion of brilliance for 44 gold pieces
 31480 | Orc:2    | Bought 2 potions of mutation for 176 gold pieces
 31480 | Orc:2    | Bought a potion of mutation for 88 gold pieces
 31480 | Orc:2    | Lost mutation: You are occasionally teleported next to
                  | monsters. [potion of mutation]
 31480 | Orc:2    | Gained mutation: Your spells are a little harder to cast,
                  | but a little more powerful. [potion of mutation]
 31480 | Orc:2    | Gained mutation: You have a somewhat thin skeletal
                  | structure. (Dex +2, Stealth) [potion of mutation]
 31480 | Orc:2    | Gained mutation: Your flesh is heat resistant. (rF+)
                  | [potion of mutation]
 31699 | D:13     | Noticed Nessos
 31707 | D:13     | Killed Nessos
 31836 | D:13     | Reached skill level 1 in Evocations
 32256 | D:13     | Identified the +4 chain mail of Wiozymiw {Dex+4}
 32447 | D:13     | Noticed an orc warlord
 32490 | D:13     | Killed an orc warlord
 33020 | D:13     | You are sucked into a shaft and drop 2 floors!
 33020 | D:15     | Entered Level 15 of the Dungeon
 33296 | D:13     | Found Gifatt's Assorted Antiques.
 33315 | D:13     | Offered knowledge of Bolt of Fire by Vehumet.
 33443 | D:13     | Found an iron altar of Okawaru.
 33489 | D:13     | Got an encrusted leather armour
 33503 | D:13     | Identified the +1 leather armour of Existentialism {Int+5
                  | Slay+3} (You found it on level 13 of the Dungeon)
 33706 | D:14     | Found a runed translucent door.
 33756 | D:14     | Found a runed translucent door.
 33767 | D:14     | Reached XP level 16. HP: 99/99 MP: 35/35
 33770 | D:14     | Noticed Josephine
 33772 | D:14     | Killed Josephine
 33772 | D:14     | Reached skill level 15 in Earth Magic
 33775 | D:14     | Found a runed translucent door.
 33844 | D:14     | Found a runed translucent door.
 33907 | D:14     | Noticed Agnes
 33910 | D:14     | Killed Agnes
 34268 | D:14     | Found a gate to the Vaults.
 34319 | D:14     | Found a runed translucent door.
 35690 | D:15     | Found a staircase to the Depths.
 36127 | Depths:1 | Entered Level 1 of the Depths
 36297 | Elf:1    | Entered Level 1 of the Elven Halls
 36312 | Elf:1    | Offered knowledge of Poison Arrow by Vehumet.
 36517 | Elf:1    | Reached skill level 16 in Earth Magic
 36594 | Elf:1    | Reached XP level 17. HP: 89/106 MP: 11/37
 36760 | Elf:1    | Identified the Reference Book on Slavery
 36871 | Elf:1    | Identified Roxanne's Grimoire of Stones
 36871 | Elf:1    | Noticed Roxanne
 36875 | Elf:1    | Killed Roxanne
 36995 | Elf:1    | Noticed Azrael
 37001 | Elf:1    | Killed Azrael
 37196 | Elf:1    | Reached skill level 1 in Conjurations
 37360 | Elf:1    | Found Kostrehumn's Armour Emporium.
 37823 | Elf:2    | Found a huge runed translucent gate.
 37823 | Elf:2    | Found a huge runed translucent gate.
 37824 | Elf:2    | Found a huge runed translucent gate.
 37825 | Elf:2    | Found a huge runed translucent gate.
 37827 | Elf:2    | Found a huge runed translucent gate.
 37901 | Elf:2    | Identified the ring of Suleurgh {+Inv MP+9 EV+1 Dex+4}
 37907 | Elf:2    | Offered knowledge of Conjure Ball Lightning by Vehumet.
 38801 | Elf:2    | Reached skill level 17 in Earth Magic
 38857 | Elf:2    | Reached skill level 5 in Conjurations
 39355 | Elf:2    | Reached XP level 18. HP: 115/115 MP: 39/39
 39596 | Elf:3    | Entered Level 3 of the Elven Halls
 40318 | Elf:3    | Reached ****** piety under Vehumet
 40384 | Elf:3    | Offered knowledge of Lehudib's Crystal Spear by Vehumet.
 40384 | Elf:3    | Offered knowledge of Shatter by Vehumet.
 40384 | Elf:3    | Offered knowledge of Tornado by Vehumet.
 40514 | Elf:3    | Noticed a deep elf master archer
 40518 | Elf:3    | Killed a deep elf master archer
 40905 | Elf:3    | Noticed a deep elf master archer
 40909 | Elf:3    | Killed a deep elf master archer
 40947 | Elf:3    | Reached skill level 18 in Earth Magic
 41083 | Elf:3    | Noticed a deep elf blademaster
 41089 | Elf:3    | Killed a deep elf blademaster
 41124 | Elf:3    | Noticed a deep elf blademaster
 41127 | Elf:3    | Killed a deep elf blademaster
 41291 | Elf:3    | Reached XP level 19. HP: 115/123 MP: 41/41
 41384 | Elf:3    | Reached skill level 15 in Fighting
 41810 | Elf:3    | Identified Viagg's Volume of Toxic Bewitchment
 41929 | Elf:3    | Got a dazzling leather armour
 41934 | Elf:3    | Got a faintly humming scale mail
 41941 | Elf:3    | Got warped gold dragon scales
 41952 | Elf:3    | Got a slimy battleaxe
 41952 | Elf:3    | Identified the +8 short sword of Rangaot {flame, rC+ Str+3}
 41979 | Elf:3    | Found the +7 great mace "Undeadhunter" {disrupt, rN+}
 42014 | Elf:3    | Got an aquamarine-encrusted chain mail
 42021 | Elf:3    | Got a heavily runed leather armour
 42041 | Elf:3    | Identified the cursed +0 leather armour of the Storm King
                  | {rCorr} (You found it on level 3 of the Elven Halls)
 42062 | Elf:3    | Identified the cursed +1 scale mail "Sorauxo" {Int+2 Dex+6}
                  | (You found it on level 3 of the Elven Halls)
 42064 | Elf:3    | Identified the +0 gold dragon scales of Orthodoxy {+Fly
                  | rPois rF+ rC+} (You found it on level 3 of the Elven Halls)
 42066 | Elf:3    | Identified the +2 chain mail "Jaetu Unijo" {Dex+4} (You
                  | found it on level 3 of the Elven Halls)
 42068 | Elf:3    | Identified the +2 leather armour "Ymuaj" {+Inv rF- MR-
                  | Regen+} (You found it on level 3 of the Elven Halls)
 42251 | Elf:3    | Identified the +3 battleaxe "Muxaybu" {holy, *Slow Str+3
                  | Dex+6} (You found it on level 3 of the Elven Halls)
 42586 | Lair:2   | Killed Befuwnopp's ghost
 42757 | Shoals:1 | Entered Level 1 of the Shoals
 42757 | Shoals:1 | Noticed Kirke
 42760 | Shoals:1 | Killed Kirke
 44864 | Shoals:3 | Reached skill level 19 in Earth Magic
 45122 | Shoals:3 | Found a frozen archway.
 45131 | IceCv    | Entered an ice cave
 45378 | IceCv    | Found the +2 pair of boots of the Assassin {Detection Stab+
                  | Stlth++}
 46540 | Shoals:3 | Reached skill level 10 in Conjurations
 47899 | Shoals:4 | Entered Level 4 of the Shoals
 48346 | Shoals:4 | Found a snail-covered altar of Cheibriados.
 48391 | Shoals:4 | Reached XP level 20. HP: 129/129 MP: 40/42
 48600 | Shoals:4 | Identified the Handbook of Fetching Envenoming
 49002 | Shoals:4 | Identified the ring "Suvvoam" {*Contam rElec rPois rC+
                  | Str+3}
 49763 | Shoals:4 | Got a barnacled rune of Zot
 50249 | Elf:1    | Bought a +2 large shield of protection for 236 gold pieces
 50249 | Elf:1    | Bought the cursed +1 ring mail "Bach" {*Contam +Blink MR++
                  | Regen+ rCorr} for 312 gold pieces
 50319 | Elf:1    | Gained mutation: You occasionally shout uncontrollably at
                  | your foes. [mutagenic glow]
 50949 | Snake:1  | Reached skill level 1 in Armour
 50949 | Snake:1  | Reached skill level 1 in Shields
 51283 | Snake:1  | Found Piudif's Distillery.
 51285 | Snake:1  | Found Lanum's Assorted Antiques.
 51290 | Snake:1  | Bought a potion of curing for 48 gold pieces
 51290 | Snake:1  | Bought a potion of resistance for 160 gold pieces
 51290 | Snake:1  | Bought 2 potions of heal wounds for 160 gold pieces
 51303 | Snake:1  | Bought a scroll of enchant armour for 270 gold pieces
 51408 | Snake:1  | Noticed Rupert
 51411 | Snake:1  | Killed Rupert
 52220 | Snake:2  | Reached skill level 5 in Armour
 52220 | Snake:2  | Reached skill level 5 in Shields
 52260 | Snake:2  | Noticed Donald
 52267 | Snake:2  | Killed Donald
 53378 | Snake:3  | Noticed Aizul
 53383 | Snake:3  | Killed Aizul
 54037 | Snake:4  | Entered Level 4 of the Snake Pit
 54278 | Snake:4  | Found Boigumak's Jewellery Shop.
 54293 | Snake:4  | Found Tueler's Gadget Emporium.
 54294 | Snake:4  | Found Wuthrim's Jewellery Shop.
 55204 | Snake:4  | Reached XP level 21. HP: 134/134 MP: 3/43
 55902 | Snake:4  | Noticed Vashnia
 55925 | Snake:4  | Killed Vashnia
 55925 | Snake:4  | Reached skill level 10 in Armour
 55925 | Snake:4  | Reached skill level 10 in Shields
 56192 | Snake:4  | Got a serpentine rune of Zot
 57007 | Vaults:1 | Entered Level 1 of the Vaults
 57539 | Vaults:1 | You are sucked into a shaft and drop 1 floor!
 58085 | Vaults:2 | Learned a level 8 spell: Lehudib's Crystal Spear
 58124 | Vaults:2 | Found a large runed translucent door.
 58124 | Vaults:2 | Found a large runed translucent door.
 58124 | Vaults:2 | Noticed HilariousDeathArtist's ghost (adept CeWn)
 58124 | Vaults:2 | Noticed Tang's ghost (master DsGl)
 58716 | Vaults:2 | Found a staircase to the Crypt.
 59069 | Vaults:2 | Got a pitted mace
 59070 | Vaults:2 | Identified the +6 mace "Houda" {crush, Str+3} (You found it
                  | on level 2 of the Vaults)
 59207 | Vaults:2 | Reached XP level 22. HP: 140/140 MP: 44/44
 59890 | Vaults:1 | Reached skill level 20 in Earth Magic
 60240 | Vaults:1 | Reached skill level 15 in Conjurations
 61249 | Vaults:3 | Found Wush's Armour Boutique.
 61254 | Vaults:3 | Reached XP level 23. HP: 120/144 MP: 45/45
 62652 | Vaults:4 | Reached skill level 21 in Earth Magic
 64293 | Vaults:2 | Killed Tang's ghost
 64297 | Vaults:2 | Killed HilariousDeathArtist's ghost
 65470 | Depths:1 | Reached XP level 24. HP: 151/151 MP: 39/46
 65590 | Depths:1 | Found a gateway to Hell.
 65786 | Depths:1 | Noticed a juggernaut
 65792 | Depths:1 | Killed a juggernaut
 66008 | Depths:1 | Got a fine leather armour
 66009 | Depths:1 | Identified the cursed +1 leather armour "Bied" {rN+++ Dex-5
                  | Stlth+} (You found it on level 1 of the Depths)
 66048 | Depths:1 | Learned a level 9 spell: Shatter
 66276 | Depths:1 | Noticed a juggernaut
 66295 | Depths:1 | Killed a juggernaut
 66430 | Depths:1 | Found a one-way gate leading to the halls of Pandemonium.
 66522 | Depths:1 | Found a one-way gate to the infinite horrors of the Abyss.
 66578 | Depths:2 | Found a gateway to a ziggurat.
 66814 | Depths:2 | Reached skill level 22 in Earth Magic
 67755 | Depths:3 | Found a sacrificial altar of Ru.
 67755 | Depths:3 | Found a blossoming altar of Fedhas.
 67756 | Depths:3 | Found a radiant altar of Vehumet.
 68167 | Depths:3 | Reached XP level 25. HP: 156/156 MP: 46/47
 68506 | Depths:3 | Identified the cursed +1 broad axe of the Equator {chop,
                  | rN+}
 69140 | Depths:4 | Found a snail-covered altar of Cheibriados.
 69319 | Depths:4 | Found the +8 arc blade {discharge, rElec}
 69657 | Depths:5 | Entered Level 5 of the Depths
 69849 | Depths:5 | Noticed Margery
 69855 | Depths:5 | Killed Margery
 69930 | Depths:5 | Noticed Xtahua
 69947 | Depths:5 | Killed Xtahua
 70257 | Depths:5 | Reached skill level 23 in Earth Magic
 70462 | Depths:5 | Reached XP level 26. HP: 161/161 MP: 48/48
 70571 | Depths:5 | Found a gate to the Realm of Zot.
 70792 | Depths:5 | Found a shimmering altar of Xom.
 70991 | Hell     | Entered the Vestibule of Hell
 70991 | Hell     | Noticed Geryon
 71864 | Vaults:5 | Entered Level 5 of the Vaults
 71971 | Vaults:5 | Identified the +5 scythe "Ziqoxej" {drain, +Blink rN++}
 71981 | Vaults:4 | Mangled by a golden dragon

Levels and vault maps discovered:
D:1:      minmay_arrival_open_corners, layout_basic
D:2:      layout_basic, first_ration
D:3:      layout_basic, minmay_misc_feat_square, uniq_natasha, uniq_jessica
D:4:      layout_loops_ring, minmay_temple_entry_crystal_x, serial_shops,
          nicolae_shop_crystal
D:5:      layout_gridville, portal_sewer_entry_f, serial_shops,
          nicolae_shop_waterfront, uniq_ijyb
D:6:      layout_loops_ring, serial_bayou, serial_bayou_crossing,
          serial_bayou_ford_a, serial_bayou_lake_a, serial_bayou_pond_d,
          minmay_misc_feat_doors
D:7:      layout_basic, nicolae_qazlal_style_of_elements, serial_shops, shop,
          grunt_livestock, minmay_stone_trees_small
D:8:      gammafunk_steamed_eel, layout_basic
D:9:      layout_basic, kennysheep_cluttered_room, nrook_mini_backslash,
          uniq_harold, uniq_erica, uniq_pikel
D:10:     layout_rooms, erik_lair_island, sword_in_stone, uniq_grum
D:11:     layout_loops_ring, minmay_lindwurm_lava, uniq_urug
D:12:     layout_basic, erik_orc_4
D:13:     evilmike_iron_armoury, layout_loops_corners, serial_shops,
          nicolae_shop_overgrown_old_shop, grunt_decor_resistance,
          kennysheep_generic_room_7, uniq_nessos
D:14:     cheibrodos_shockbox, layout_layer_cave, grunt_vaults_entry_tiered,
          hangedman_decor_points, minmay_statue_crystal_thing, uniq_agnes,
          uniq_josephine
D:15:     gammafunk_enter_depths_forms, layout_basic, gauntlet_entry_generic,
          nrook_mini_vaults
Temple:   kilobyte_greek_temple
Lair:1:   layout_roguey, uniq_gastronok
Lair:2:   layout_regular_city, elwin_shoals_entry_rocks, dummy_snake_entry,
          beast_lair_carwin_6, uniq_nergalle
Lair:3:   layout_chaotic_city, gammafunk_ghost_cemetery
Lair:4:   layout_roguey
Lair:5:   layout_loops_ring, serial_bayou_shore_b
Lair:6:   cheibrodos_lair_end_hotspot, layout_regular_city, slime_altar_1,
          serial_bayou_pond_d
Shoals:1: layout_shoals, nicolae_shoals_seven_spires, uniq_kirke
Shoals:2: layout_shoals, abandoned_shop
Shoals:3: layout_shoals, portal_ice_cave_entry_pillars_three
Shoals:4: shoals_end_grunt_ice, layout_shoals, lemuel_altar_in_water
Snake:1:  layout_gridlike, minmay_shoptagon, uniq_rupert
Snake:2:  layout_misc_corridors, uniq_donald
Snake:3:  layout_chambers, uniq_aizul
Snake:4:  johnstein_snake_rune_scales, layout_cave_town, st_stairs_2,
          grunt_megastairs_3, minmay_shop_grove
Orc:1:    layout_caves, basic_altar, enter_volcano_2
Orc:2:    st_orc_town, layout_caves, serial_shops, shop, uniq_jorgrun
Elf:1:    eino_elf_arrival_customs, layout_rooms, minmay_elf_demonology,
          minmay_shop_star, uniq_azrael, uniq_roxanne
Elf:2:    layout_geoelf_diagonals, drop_trap, chequers_hall_statues_corner_a,
          minmay_checkered_concentric_circles
Elf:3:    minmay_elf_hall_four_x, layout_loops_ring
Vaults:1: nicolae_vaults_arrows, nicolae_vaults_specimen_jars,
          vaults_room_grunt_arrival_checkpoint, grunt_vaults_trifunnel,
          v_rooms_3, v_misc_2, v_misc_19, st_lines, v_alt_pattern_1,
          grunt_vaults_hallway_long, layout_vaults_maze_bifur
Vaults:2: advil_vaults_ghost_guards, hangedman_vaults_nodes,
          vaults_mumra_chevron, v_misc_11, minmay_crypt_entry_simple_statues,
          st_smaller_cells, vaults_room_fours, v_rooms_4, v_misc_28,
          vaults_room_fours, layout_vaults_omnibox
Vaults:3: v_misc_23, nicolae_vaults_ring_of_whatevers,
          nicolae_vaults_little_squares_4, dpeg_vaults_monster_box,
          nicolae_vaults_windows_and_doors_thing, ontoclasm_vaults_pinch,
          ontoclasm_vaults_eye, v_rooms_1, nicolae_vaults_little_squares_4,
          nicolae_vaults_shelves_hall, layout_vaults_omnigrid
Vaults:4: hangedman_vaults_slice, v_alt_pattern_6, v_misc_29, v_misc_19,
          ontoclasm_vaults_ring_small, nicolae_vaults_little_squares_4,
          v_misc_3, grunt_vaults_diagonal,
          vaults_standard_mumra_enter_the_diamond,
          hangedman_vaults_stretched_pinwheel, nicolae_vaults_big_angled_halls,
          nicolae_vaults_bisected_exclaves, nicolae_vaults_display_case,
          layout_vaults_ring
Vaults:5: serial_shops
Depths:1: layout_gridlike, hell_entry, minmay_misc_feat_plants, abyss_entry,
          pan_entry, statue_in_the_mist_lemuel, corexii_leaking_fountain,
          st_stairs_3, minmay_swirly_circle, hangedman_decor_cross_pass,
          serial_bayou_shore_b
Depths:2: cheibrodos_quadrivalence, layout_basic, enter_ziggurat_e,
          grunt_decor_arrowhead, pf_coc_iceberg, lightli_minifort,
          infiniplex_staircase_star
Depths:3: hangedman_slaughterboxes, pan_entry, hell_entry
Depths:4: minmay_the_grid_triangle_9x9_recursive_2_mashed
          [minmay_the_grid_triangle_9x9_prize_top_heavy,
          minmay_the_grid_triangle_9x9_zippers_horizontal,
          minmay_the_grid_triangle_9x9_descending_squares,
          minmay_the_grid_triangle_9x9_odd_lines], layout_gridville,
          rand_demon_pan_entry_7, abyss_entry, cheibriados_altar_1, hell_entry
Depths:5: grunt_zot_entry_hairpin, layout_cave_pools, minmay_misc_feat_x,
          hell_entry, rand_demon_pan_entry_9, minmay_crystal_room, tgw_xom,
          uniq_margery, uniq_xtahua
Hell

Skill      XL: |  1  2  3  4  5  6  7  8  9 10 11 12 13 14 15 16 17 18 19 20 21 22 23 24 25 26 |
---------------+-------------------------------------------------------------------------------+-----
Earth Magic    | 4 5 6 7 8 10 11 12 13 14 16 17 18 19 20 21 22 23 | 23.5
Spellcasting   | 3 4 5 6 8 10 11 12 13 14 15 16 17 18 19 20 21 | 21.9
Transmutations | 3 5 7 8 |  8.2
Fighting       | 3 5 8 9 10 12 13 14 15 | 15.2
Dodging        | 3 4 |  4.3
Charms         | 5 7 |  7.0
Translocations | 5 7 |  7.0
Evocations     | 1 |  1.7
Conjurations   | 5 8 11 13 16 18 20 21 22 | 22.5
Armour         | 8 11 12 | 12.1
Shields        | 8 11 12 | 12.1
Stealth        | |  2.1

Action                   |  1- 3 |  4- 6 |  7- 9 | 10-12 | 13-15 | 16-18 | 19-21 | 22-24 | 25-27 || total
-------------------------+-------+-------+-------+-------+-------+-------+-------+-------+-------++-------
Melee: Unarmed           |    17 |       |       |       |       |       |       |       |       ||    17
       Dagger            |    29 |    98 |    72 |       |       |       |       |       |       ||   199
       Staff             |       |       |   207 |    75 |    80 |    28 |    24 |    10 |     6 ||   430
 Cast: Sandblast         |    39 |    64 |    86 |    45 |   117 |    20 |    44 |     6 |       ||   421
       Petrify           |       |       |     7 |    83 |   118 |     7 |    66 |     3 |     6 ||   290
       Lee's Rapid Decon |       |       |    10 |    96 |   318 |   302 |   387 |   263 |   100 ||  1476
       Stone Arrow       |       |       |       |   131 |   301 |    91 |    70 |     7 |       ||   600
       Shroud of Golubri |       |       |       |       |    10 |       |       |       |       ||    10
       Iron Shot         |       |       |       |       |     7 |     1 |   240 |   262 |   110 ||   620
       Iskenderun's Batt |       |       |       |       |     3 |    11 |    32 |       |       ||    46
       Lehudib's Crystal |       |       |       |       |       |       |       |    25 |    23 ||    48
       Shatter           |       |       |       |       |       |       |       |       |    11 ||    11
 Abil: Fly               |       |       |       |       |     1 |       |       |       |       ||     1
  Use: Scroll            |       |    13 |     7 |     5 |    10 |     3 |    25 |     4 |     3 ||    70
       Potion            |       |       |     2 |       |     1 |       |     3 |       |     1 ||     7
 Stab: Sleeping          |     2 |     1 |     3 |       |       |       |       |       |       ||     6
       Petrified         |       |       |    15 |    14 |       |       |       |       |       ||    29
       Petrifying        |       |       |       |     2 |       |       |       |       |       ||     2
       Distracted        |       |       |       |       |       |     1 |       |       |       ||     1
  Eat: Chunk             |     1 |     8 |    12 |    21 |    56 |    13 |    24 |    20 |     7 ||   162
       Ration            |       |       |     3 |     4 |     6 |     3 |     9 |     4 |     4 ||    33
Armor: Robe              |    29 |    35 |   139 |    65 |       |       |       |       |       ||   268
       Leather armour    |       |       |       |    24 |   143 |    68 |    57 |       |       ||   292
       Ring mail         |       |       |       |       |       |       |    41 |    47 |    65 ||   153
Dodge: Dodged            |    35 |    92 |   240 |   130 |   211 |    90 |   129 |    38 |    72 ||  1037
       Deflected         |       |       |       |     6 |    31 |    13 |    53 |    28 |    16 ||   147
Block: Shield            |       |       |       |       |       |       |   143 |   104 |   116 ||   363
       Reflection        |       |       |       |       |       |       |    26 |    58 |    30 ||   114
